AoeStats
← fat_dgk

Black Forest

509768907Analyzed
4v4 RM · 3d ago on Sep 28, 2026· 63m 13s· 8 players
Game mode
Random Map
Map size
Large (8 player)
Population
200
Speed
Normal
Resources
Standard
Victory
Conquest
Starting age
Dark Age
Ending age
Imperial Age
RankedLock teamsTeams togetherTeam positionsShared explorationLock speedFull tech treeHidden civsTurbo modeCheats
Victory
Defeat
🇨🇴 Celts · Colombia
1181
+13
🇲🇽 Bohemians · Mexico
1144
+14
🇵🇱 Vietnamese · Poland
1113
+15
🇫🇷 Hindustanis · France
1094
+16
🇨🇱 Poles · Chile
1178
-18
🇧🇷 Japanese · Brazil
1135
-16
🇨🇱 Franks · Chile
1094
-14
🇨🇱 Khmer · Chile
995
-10
Kim jong-un
0:46 Loom
13:06 Feudal Age
17:09 Castle Age
15:16 Double-Bit Axe
15:40 Horse Collar
18:21 Bow Saw
20:06 Gold Mining
25:04 Forging
24:48 Fletching
Kestrel
0:28 Loom
6:18 Loom
11:01 Feudal Age
15:41 Castle Age
14:01 Horse Collar
14:09 Double-Bit Axe
15:07 Stone Mining
18:57 Scale Mail Armor
19:07 Forging
18:25 Man-at-Arms
18:50 Gambesons
19:55 Forging
21:21 Long Swordsman
23:33 Fletching
28:41 Bodkin Arrow
32:47 Wheelbarrow
37:09 Imperial Age
34:27 Town Watch
36:54 Stronghold
37:29 Chain Mail Armor
37:51 Iron Casting
37:39 Arson
37:51 Onager
38:29 Gold Mining
39:48 Gold Shaft Mining
40:05 Bow Saw
42:04 Plate Mail Armor
42:35 Blast Furnace
42:19 Hand Cart
42:55 Siege Onager
44:38 Furor Celtica
46:26 Conscription
46:42 Hoardings
47:21 Padded Archer Armor
48:07 Fortified Wall
48:03 Siege Engineers
48:09 Masonry
47:49 Capped Ram
49:48 Leather Archer Armor
51:12 Chemistry
50:33 Ballistics
50:03 Elite Woad Raider
50:56 Pikeman
52:29 Siege Ram
52:54 Halberdier
62:06 Ring Archer Armor
GreatKnot19365
10:55 Feudal Age
10:34 Loom
15:29 Wheelbarrow
18:49 Castle Age
17:23 Double-Bit Axe
17:21 Horse Collar
19:58 Heavy Plow
20:10 Bow Saw
30:37 Imperial Age
28:33 Bloodlines
29:02 Forging
29:22 Husbandry
30:01 Scale Barding Armor
31:34 Elite Battle Elephant
32:59 Iron Casting
33:13 Hand Cart
37:10 Gold Mining
39:18 Chain Barding Armor
39:09 Chatras
39:51 Thumb Ring
39:26 Elite Skirmisher
39:32 Pikeman
41:07 Fletching
41:54 Paper Money
41:44 Bodkin Arrow
41:11 Imperial Skirmisher
42:33 Ballistics
43:16 Chemistry
44:43 Two-Man Saw
45:24 Bracer
46:02 Plate Barding Armor
46:13 Padded Archer Armor
45:46 Halberdier
46:27 Squires
48:42 Scale Mail Armor
48:59 Leather Archer Armor
51:47 Caravan
59:47 Crossbowman
62:04 Arbalester
mnmoose
2:11 Loom
11:06 Feudal Age
13:20 Fletching
16:23 Castle Age
14:16 Double-Bit Axe
15:17 Horse Collar
22:20 Wheelbarrow
29:31 Imperial Age
28:34 Hand Cart
27:59 Pikeman
29:40 Chemistry
29:41 Halberdier
31:27 Scale Mail Armor
31:38 Forging
31:56 Conscription
32:04 Houfnice
33:27 Bow Saw
34:39 Chain Mail Armor
35:39 Iron Casting
37:46 Plate Mail Armor
39:16 Wagenburg Tactics
40:09 Squires
41:10 Blast Furnace
40:51 Heresy
40:48 Heavy Plow
41:48 Two-Man Saw
41:08 Arson
41:20 Bodkin Arrow
44:07 Padded Archer Armor
46:43 Heavy Scorpion
48:54 Leather Archer Armor
48:41 Bracer
50:48 Ring Archer Armor
50:44 Ballistics
57:21 Siege Engineers
62:20 Husbandry
fat_dgk
9:46 Feudal Age
10:57 Man-at-Arms
14:39 Horse Collar
15:09 Double-Bit Axe
20:29 Castle Age
19:03 Stone Mining
21:43 Bow Saw
22:01 Heavy Plow
25:23 Wheelbarrow
25:59 Town Watch
31:56 Imperial Age
29:44 Fortified Wall
30:18 Scale Mail Armor
30:05 Arson
30:21 Squires
31:07 Hand Cart
31:22 Chain Mail Armor
31:18 Forging
34:01 Chemistry
32:43 Treadmill Crane
34:08 Crop Rotation
34:10 Fletching
34:21 Padded Archer Armor
34:51 Plate Mail Armor
34:28 Capped Ram
37:17 Bodkin Arrow
37:14 Loom
37:39 Elite Skirmisher
38:34 Thumb Ring
37:52 Crossbowman
39:10 Arbalester
40:18 Ballistics
40:27 Bracer
51:47 Bloodlines
51:05 Light Cavalry
51:45 Husbandry
52:46 Winged Hussar
jesusorlando555
5:27 Loom
12:08 Feudal Age
13:08 Double-Bit Axe
13:04 Horse Collar
15:05 Wheelbarrow
17:41 Castle Age
16:58 Gold Mining
20:36 Bow Saw
24:43 Fletching
25:58 Husbandry
25:46 Light Cavalry
28:34 Bodkin Arrow
31:54 Hand Cart
32:16 Gold Shaft Mining
31:42 Heavy Plow
32:51 Bloodlines
33:16 Scale Barding Armor
35:46 Forging
42:30 Imperial Age
41:41 Town Watch
42:23 Chain Barding Armor
42:38 Iron Casting
43:44 Ballistics
44:26 Chemistry
43:32 Double Crossbow
43:21 Heavy Scorpion
44:23 Conscription
44:21 Onager
44:28 Hussar
46:58 Siege Engineers
48:53 Blast Furnace
48:29 Plate Barding Armor
Emkrypted
0:55 Loom
10:39 Feudal Age
12:32 Double-Bit Axe
16:18 Castle Age
15:40 Wheelbarrow
25:54 Stone Mining
27:11 Bow Saw
32:32 Imperial Age
32:38 Imperial Age
30:26 Hand Cart
30:26 Husbandry
32:08 Scale Barding Armor
32:14 Forging
33:09 Chain Barding Armor
32:46 Cavalier
33:58 Conscription
34:46 Iron Casting
36:34 Town Watch
38:40 Man-at-Arms
39:21 Squires
39:07 Gambesons
39:07 Arson
39:27 Scale Mail Armor
40:27 Blast Furnace
39:18 Fletching
40:47 Chemistry
39:36 Long Swordsman
40:32 Two-Handed Swordsman
46:49 Champion
47:56 Chain Mail Armor
50:09 Paladin
54:08 Plate Barding Armor
alwinmonteiro
2:22 Loom
13:21 Feudal Age
14:10 Double-Bit Axe
15:58 Bloodlines
15:12 Man-at-Arms
17:16 Arson
19:06 Horse Collar
21:25 Fletching
21:36 Scale Mail Armor
21:47 Forging
23:12 Town Watch
24:03 Wheelbarrow
26:55 Castle Age
25:00 Padded Archer Armor
28:59 Chain Mail Armor
29:20 Iron Casting
28:09 Long Swordsman
28:50 Squires
29:01 Gambesons
30:26 Bodkin Arrow
31:11 Crossbowman
31:57 Thumb Ring
32:25 Heavy Plow
32:56 Bow Saw
32:50 Gold Mining
33:20 Leather Archer Armor
35:05 Gold Shaft Mining
37:34 Stone Mining
37:39 Light Cavalry
38:19 Husbandry
39:03 Hand Cart
42:23 Ballistics
42:01 Murder Holes
42:16 Masonry
50:32 Imperial Age
49:29 Fortified Wall
52:28 Plate Mail Armor
52:59 Blast Furnace
52:00 Bracer
52:30 Ring Archer Armor
52:06 Heavy Cavalry Archer
53:52 Caravan
54:49 Hoardings
56:15 Chemistry
55:21 Siege Engineers
56:33 Elite Samurai
Connection lost

Rejoining the realm…

Still unreachable

The connection could not be restored.

Session expired

The server has moved on; the page needs a fresh start.